 Dungeon Crawl Stone Soup version 0.30-a0-161-gdd60e06945 (webtiles) character file.

Game seed: 4629619282567626283

82 qw the Chopper (level 4, 0/28 HPs)
             Began as a Gargoyle Fighter on Sept 27, 2022.
             Killed by nerve-wracking pain
             ... invoked by Grinder
              (3 damage)
             ... on level 3 of the Dungeon.
             The game lasted 00:00:51 (2555 turns).

qw the Chopper (Gargoyle Fighter)                   Turns: 2555, Time: 00:00:51

Health: 0/28       AC: 18    Str: 22    XL:     4   Next: 43%
Magic:  4/4        EV:  9    Int:  8    God:
Gold:   61         SH:  4    Dex:  9    Spells: 3/3 levels left

rFire   . . .      SeeInvis .    Y - +0 war axe (protect)
rCold   . . .      Faith    .    c - +0 buckler
rNeg    + . .      Spirit   .    b - +0 scale mail
rPois   inf        Reflect  .    (no helmet)
rElec   +          Harm     .    i - +0 cloak
rCorr   .          Rampage  .    (no gloves)
Will    .....                    (no boots)
Stlth   ..........               (no amulet)
HPRegen 0.09/turn                (no ring)
MPRegen 0.09/turn                (no ring)

@: under a protective aura
A: sickness immunity, AC +3, negative energy resistance 1, electricity
resistance, torment resistance 1, petrification resistance
a: no special abilities


You were on level 3 of the Dungeon.
You visited 1 branch of the dungeon, and saw 3 of its levels.

You collected 175 gold pieces.
You spent 114 gold pieces at shops.


Innate Abilities, Weirdness & Mutations

You are immune to sickness and miasma.
Your stone body is resilient. (AC +3)
You are immune to poison.
You resist negative energy. (rN+)
You are resistant to electric shocks. (rElec)
You are resistant to unholy torment.
You are immune to petrification.


   Skills:
 - Level 3.2 Fighting
 + Level 4.1 Axes
 - Level 3.2 Armour
 - Level 3.2 Shields


You had 3 spell levels left.
You didn't know any spells.
Your spell library was empty.

Inventory:

Hand Weapons
 k - a +0 flail
 Y - a +0 war axe of protection (weapon)
Armour
 b - a +0 scale mail (worn)
 c - a +0 buckler (worn)
 i - a +0 cloak (worn)
Scrolls
 a - 2 scrolls of identify
Potions
 d - 2 potions of might
 e - a potion of ambrosia {unknown}
 f - 2 potions of attraction
 g - a potion of flight {unknown}
 j - 2 potions of curing

Dungeon Overview and Level Annotations

Branches:
Dungeon (3/15)

Altars:

Shops:
D:1 (   D:2 =!::

Annotations:
D:3 Grinder


Message History

Pain shoots through your body! Grinder gestures at you.
You resist with significant effort.
You can move again.
You slash Grinder!
Your weapon exudes an aura of protection.
Grinder is moderately wounded.
Grinder closely misses you.
You barely miss Grinder.
Grinder is moderately wounded.
Grinder closely misses you.
You barely miss Grinder.
Grinder is moderately wounded.
Grinder hits you.
You writhe in agony.
Grinder hits you.
You writhe in agony.
You closely miss Grinder.
Grinder is moderately wounded.
Grinder barely misses you.
You barely miss Grinder.
Grinder is moderately wounded.
Grinder hits you but does no damage.
You hit Grinder.
Your weapon exudes an aura of protection.
Grinder is heavily wounded.
Grinder gestures at you. Pain shoots through your body!
Grinder blinks!
2551 ||| Stepping ~*~*~tactically~*~*~ (hiding).
You barely miss Grinder.
Grinder is heavily wounded.
Grinder hits you but does no damage.
You slash Grinder!
Your weapon exudes an aura of protection.
Grinder is severely wounded.
Grinder hits you but does no damage.
You barely miss Grinder.
Grinder is severely wounded.
Grinder gestures at you. You resist with significant effort.
Grinder gestures at you. Pain shoots through your body!
You die...

### ..# #########
#.# #........
.######.# #.#######
#........#####.....#
# #.
#..............# #
#..##.#..#####.....#
# #.....#..#
#.....### #....@...#
#........ ##..5##.##
###.#.... #... ..#
#.##### ##.#####
##+# #. ##..>## ..
##.....## #..
##.......## .(
#.........#
+.........'


You could see Grinder.

Vanquished Creatures
  3 adders
  A worm (D:2)
  3 dart slugs
  3 endoplasms
  A giant cockroach (D:1)
  4 hobgoblins
  4 quokkas
  5 ball pythons
  5 bats
  2 frilled lizards
  7 goblins
  3 kobolds (D:2)
  5 rats
46 creatures vanquished.

Notes
Turn   | Place    | Note
-------+----------+-------------------------------------------
     0 | D:1      | qw the Gargoyle Fighter began the quest for the Orb.
     0 | D:1      | Reached XP level 1. HP: 14/14 MP: 1/1
     0 | D:1      | 0 ||| qw: Version: 0.2-a-10-g37ed214
     0 | D:1      | 0 ||| qw: Game counter: 659
     0 | D:1      | 0 ||| qw: Always use a shield: true
     0 | D:1      | 0 ||| qw: God list: Okawaru
     0 | D:1      | 0 ||| qw: Allow faded altars: false
     0 | D:1      | 0 ||| qw: Do Orc after D:15 true
     0 | D:1      | 0 ||| qw: Do second Lair branch before Depths: true
     0 | D:1      | 0 ||| qw: Lair rune preference: random
     0 | D:1      | 0 ||| qw: Plans: Normal, Zot:1-4, God:TSO, Crypt, Tomb,
                  | Pan, Slime:5, Hells, Abyss, Orb
     0 | D:1      | 0 ||| PLANNING D:1-11
    41 | D:1      | Reached skill level 2 in Axes
   302 | D:1      | Reached XP level 2. HP: 19/19 MP: 2/2
   847 | D:1      | Found Ufasmom's Weapon Shop.
   856 | D:1      | 856 ||| SHOPLISTING +0 eveningstar of holy wrath (290 gold,
                  | have 67).
   856 | D:1      | 856 ||| BUYING +0 mace (30 gold).
   856 | D:1      | Bought a +0 mace for 30 gold pieces
   856 | D:1      | 856 ||| DROPPING +0 club.
   969 | D:1      | 969 ||| READING 2 scrolls labelled YNTIZ VIOFUFF.
   970 | D:1      | 970 ||| READING scroll labelled EMACLE MILOT.
  1071 | D:1      | 1071 ||| READING scroll labelled LAAGGY FUPLI.
  1072 | D:1      | 1072 ||| READING scroll labelled KOUXUSMUTO.
  1111 | D:2      | Found Cothrierr's Book Emporium.
  1113 | D:2      | 1113 ||| STAIRDANCE
  1121 | D:2      | 1121 ||| STAIRDANCE
  1183 | D:2      | Reached skill level 3 in Axes
  1193 | D:2      | Found a faded altar of an unknown god.
  1203 | D:2      | Reached XP level 3. HP: 16/23 MP: 3/3
  1304 | D:2      | 1304 ||| Stepping ~*~*~tactically~*~*~ (hiding).
  1472 | D:2      | Found Sikodd's Jewellery Shop.
  1482 | D:2      | 1482 ||| SHOPLISTING +4 ring of evasion (468 gold, have
                  | 71).
  1482 | D:2      | 1482 ||| SHOPLISTING ring "Ewecka" {Ice Str+3} (497 gold,
                  | have 71).
  1482 | D:2      | 1482 ||| SHOPLISTING ring of ice (325 gold, have 71).
  1482 | D:2      | 1482 ||| SHOPLISTING ring of protection from fire (325
                  | gold, have 71).
  1618 | D:2      | Found Huobluco's Book Shop.
  1762 | D:2      | 1762 ||| Stepping ~*~*~tactically~*~*~ (stealth).
  1822 | D:2      | 1822 ||| Stepping ~*~*~tactically~*~*~ (stealth).
  1837 | D:2      | 1837 ||| Stepping ~*~*~tactically~*~*~ (stealth).
  1838 | D:2      | 1838 ||| Stepping ~*~*~tactically~*~*~ (stealth).
  1853 | D:2      | 1853 ||| DROPPING +0 mace.
  1920 | D:2      | Found Xuonon's Distillery.
  1930 | D:2      | 1930 ||| BUYING potion of attraction (42 gold).
  1930 | D:2      | Bought a potion of attraction for 42 gold pieces
  1930 | D:2      | 1930 ||| BUYING potion of curing (42 gold).
  1930 | D:2      | Bought a potion of curing for 42 gold pieces
  1930 | D:2      | 1930 ||| SHOPLISTING potion of haste (140 gold, have 4).
  1930 | D:2      | 1930 ||| SHOPLISTING potion of heal wounds (70 gold, have
                  | 4).
  1970 | D:2      | 1970 ||| UPGRADING to +0 cloak.
  1975 | D:2      | 1975 ||| READING scroll labelled ZAL FASYRR.
  1976 | D:2      | 1976 ||| READING scroll labelled QIOQAT QIPA.
  2055 | D:3      | Reached XP level 4. HP: 28/28 MP: 4/4
  2424 | D:3      | Reached skill level 4 in Axes
  2487 | D:3      | 2487 ||| Stepping ~*~*~tactically~*~*~ (hiding).
  2535 | D:3      | Noticed Grinder
  2536 | D:3      | 2536 ||| Stepping ~*~*~tactically~*~*~ (hiding).
  2541 | D:3      | Paralysed by Grinder for 4 turns
  2550 | D:3      | HP: 3/28 [Grinder/nerve-wracking pain (7)]
  2551 | D:3      | 2551 ||| Stepping ~*~*~tactically~*~*~ (hiding).
  2555 | D:3      | Killed from afar by Grinder

Levels and vault maps discovered:
D:1:      tarquinn_simple_flora_water_e, layout_basic, serial_shops, shop,
          corexii_hall_statues_l, grunt_decor_one_mirror, feat_on_display
D:2:      layout_rooms, ebering_ecumenical_altar_rust, serial_shops,
          nicolae_shop_stone, nicolae_shop_temple_entry_statues_fountains,
          shop_statue, shop, minmay_split_cup_small
D:3:      layout_loops_corners, minivault_26, uniq_grinder

Skill      XL: |  1  2  3  4 |
---------------+-------------+-----
Axes           | 2 3 4 |  4.1
Fighting       | |  3.2
Armour         | |  3.2
Shields        | |  3.2

Action                   |  1- 3 |  4- 6 || total
-------------------------+-------+-------++-------
Melee: War axe           |   120 |    26 ||   146
  Use: Scroll            |     6 |       ||     6
Armor: Scale mail        |    69 |    11 ||    80
Dodge: Dodged            |    43 |     8 ||    51
Block: Buckler           |    18 |       ||    18

Table legend:
 A = Non-vault XP
 B = Vault XP
 C = Vault XP percentage of total XP
 D = Non-vault monster count
 E = Vault monster count
 F = Vault count percentage of total count
                 A         B        C        D         E       F
            +---------+---------+-------+---------+---------+-------
      Total |      99 |      19 |  16.1 |      43 |       3 |   6.5
            +---------+---------+-------+---------+---------+-------
        D:1 |      28 |       0 |   0.0 |      19 |       0 |   0.0
        D:2 |      32 |      19 |  37.3 |      16 |       3 |  15.8
        D:3 |      39 |       0 |   0.0 |       8 |       0 |   0.0
            +---------+---------+-------+---------+---------+-------
